 Dungeon Crawl Stone Soup version 0.20.1-1-g8b1a95d (webtiles) character file.

85068 equalderp2856 the Severer (level 15, -9/137 HPs)
             Began as a Minotaur Fighter on Sept 30, 2017.
             Mangled by a sun demon (14 damage)
             ... on level 2 of the Orcish Mines on Oct 1, 2017.
             The game lasted 01:25:24 (34916 turns).

equalderp2856 the Severer (Minotaur Fighter)       Turns: 34916, Time: 01:25:25

Health: -9/137     AC: 21    Str: 21    XL:     15   Next: 37%
Magic:  17/17      EV:  8    Int: 11    God:
Gold:   2735       SH: 13    Dex: 13    Spells: 16/18 levels left

rFire    . . .     SeeInvis .   w - +3 broad axe (chop)
rCold    . . .     Gourm    .   c - +0 shield
rNeg     . . .     Faith    .   I - +1 plate armour {rPois}
rPois    +         Spirit   .   d - +2 hat
rElec    .         Reflect  .   (no cloak)
rCorr    .         Harm     .   (no gloves)
MR       +++..                  l - +2 pair of boots
Stlth    ..........             B - amulet of rage
Regen    0.4/turn               z - ring of the Mage {Wiz MR++ Int+3}
MPRegen  0.2/turn               Q - +2 ring of slaying

@: lethally poisoned (-9 -> -10), studying Dodging, heavily drained
A: retaliatory headbutt, horns 2
a: Evoke Berserk Rage


You were on level 2 of the Orcish Mines.
You were not hungry.

You visited 4 branches of the dungeon, and saw 21 of its levels.
You also visited: Labyrinth and Ice Cave.

You collected 2800 gold pieces.
You spent 65 gold pieces at shops.

Inventory:

Hand Weapons
 w - a +3 broad axe of chopping (weapon)
 U - a +1 trident of piercing
Missiles
 p - 6 needles of confusion
Armour
 c - a +0 shield (worn)
 d - a +2 hat (worn)
 l - a +2 pair of boots (worn)
 I - a +1 plate armour of poison resistance (worn)
 L - a +2 chain mail of cold resistance
 R - a +2 buckler of resistance
Magical Staves
 b - an uncursed staff of earth
 j - an uncursed staff of wizardry
Jewellery
 g - an uncursed ring of see invisible
 o - an uncursed ring of magical power
 u - an uncursed ring of protection from fire
 y - a +6 ring of strength
 z - the ring of the Mage (left hand) {Wiz MR++ Int+3}
   (You found it in an ice cave)

   [ring of wizardry]

   It improves your spell success rate.
   It affects your intelligence (+3).
   It affects your resistance to hostile enchantments.
 A - an uncursed ring of wizardry
 B - an amulet of rage (around neck)
 D - an uncursed ring of poison resistance
 F - a +3 ring of protection
 M - an uncursed ring of magical power
 N - an uncursed ring of protection from cold
 P - a +2 ring of protection
 Q - a +2 ring of slaying (right hand)
 V - a +5 ring of intelligence
 Y - an uncursed ring of protection from cold
Wands
 x - a wand of polymorph (16/24)
 C - a wand of iceblast (8/15)
 G - a wand of lightning (4/15)
 S - a wand of paralysis (14/24)
 X - a wand of polymorph (6/24)
 Z - a wand of acid (9/15)
Scrolls
 e - a scroll of magic mapping
 f - a scroll of enchant armour
 i - 14 scrolls of remove curse
 n - 2 scrolls of identify
 t - 7 scrolls of teleportation
 v - a scroll of silence
 E - 3 scrolls of fear
 J - 2 scrolls of fog
 O - 2 scrolls of blinking
Potions
 h - 8 potions of curing
 k - 3 potions of haste
 q - a potion of might
 s - 5 potions of heal wounds
 K - 2 potions of resistance
 T - 2 potions of agility
Books
 H - a manual of Dodging
Miscellaneous
 a - a box of beasts
 r - a lightning rod (4/4)
Comestibles
 m - 11 meat rations
 W - 16 fruits


   Skills:
 + Level 13.7(10.9) Fighting
 + Level 17.9(15.0) Axes
 + Level 5.2(10.2) Polearms
 + Level 14.0(11.2) Armour
 + Level 5.7(3.4) Dodging
 + Level 3.5(1.4) Stealth
 + Level 15.2(12.3) Shields
 * Level 2.1(0.0) Spellcasting
 * Level 2.1(0.0) Charms
 + Level 1.8(0.0) Evocations


You had 16 spell levels left.
You knew the following spells:

 Your Spells              Type           Power        Failure   Level  Hunger
a - Swiftness             Chrm/Air       #.......     98%         2    ###....


Dungeon Overview and Level Annotations

Branches:
Dungeon (12/15)            Temple (1/1) D:6            Lair (6/6) D:11
 Shoals (0/4) Lair:3       Spider (0/4) Lair:3        Slime (0/5) Lair:6
    Orc (2/2) D:10            Elf (0/3) Orc:2

Altars:
Ashenzari
Cheibriados
Dithmenos
Elyvilon
Fedhas
Gozag
Hepliaklqana
Kikubaaqudgha
Makhleb
Nemelex Xobeh
Okawaru
Qazlal
Ru
Sif Muna
Trog
Uskayaw
Vehumet
Xom
Yredelemnul
Zin
The Shining One
Beogh
Jiyva
Lugonu

Shops:
D:6 ?   D:11 (   D:12 *   Orc:1 :   Orc:2 (!?


Innate Abilities, Weirdness & Mutations

You reflexively headbutt those who attack you in melee.
You have a pair of horns on your head.


Message History

You furiously retaliate!
You headbutt the orc, but do no damage. You slash the sun demon!
The sun demon is lightly wounded.
You hit the orc warrior but do no damage.
You barely miss the orc.
You feel sick. The sun demon hits you!
* * * LOW HITPOINT WARNING * * *
You are engulfed in flames!!
* * * LOW HITPOINT WARNING * * *
You block the orc warrior's attack.
Okay, then.
Unknown command.
You feel much better. The sun demon hits you.
* * * LOW HITPOINT WARNING * * *
You are engulfed in flames!
* * * LOW HITPOINT WARNING * * *
The orc warrior hits you but does no damage.
The sun demon hits you!
* * * LOW HITPOINT WARNING * * *
You are engulfed in flames!
You die...

............................#.###
............................####
.........#...##......)......#..##
........###..###....))..........#
.......##*##..###...............#
......##*,*##..###...............
.....##*,,,*##..###..............
....##*,*,*,*##.o###.............
...##*,,,*,,,*##@4###............
..##*,,,***.,,*##3o###..........#
.##*,,,**,*#.3.###oo###..........
##*,,,**,,,*#....))).#####..##...
#*,,,**,,*,,##.o4#))..#*#....###.
*,*,**,,***,,##..o.#...###..## ##
,,,,,,,**,∩*,,##.....#.∩#####
,,,,*,**∩,,,,,,##.o#.....#
,,,,,,,**,∩*,,**..o.,#.∩#####


You could see an orc knight, a sun demon, an ice devil, an orc warrior and 2
orcs.

Vanquished Creatures
  Rupert (Orc:2)
  Gastronok (D:8)
  An orc warlord (Orc:1)
  Nessos (Lair:6)
  6 dire elephants (Lair:6)
  Josephine (Orc:2)
  A minotaur (Lab)
  The ghost of ThereIsNoGod the Grappler, a journeyman TrFi of Makhleb (D:11)
  2 ice dragons (IceCv)
  9 hydras
  6 two-headed ogres
  An anaconda (Lair:6)
  4 death yaks (Lair:4)
  An orc high priest (Orc:1)
  Nergalle (Orc:1)
  Sonja (D:10)
  A lindwurm (Lair:6)
  An orange crystal statue (Orc:2)
  An orc knight (Orc:1)
  An orc sorcerer (D:10)
  An oklob plant (Lair:2)
  17 elephants
  2 ice statues (IceCv)
  A merfolk siren (Lair:3)
  3 centaur zombies
  6 black mambas
  15 spiny frogs
  An orange demon (Orc:2)
  3 gargoyles
  11 komodo dragons
  6 rime drakes
  A queen bee (D:9)
  4 trolls
  20 blink frogs
  3 slime creatures (D:12)
  10 hippogriffs
  2 shadows
  4 wraiths (Orc:2)
  A vampire (D:11)
  40 yaks
  3 basilisks
  3 wyverns
  3 hungry ghosts
  15 water moccasins
  An acid dragon (D:11)
  4 wargs
  2 soldier ants
  16 porcupines
  A hornet zombie (D:9)
  3 phantoms
  16 ice beasts
  A black bear (Lair:1)
  38 orc warriors
  2 necrophages (D:9)
  4 sky beasts
  A swamp drake (D:10)
  15 wolves
  10 centaurs
  6 ogres
  11 crocodiles
  20 bullfrogs
  2 gnoll sergeants
  2 big kobolds
  A wyvern zombie (D:10)
  6 scorpions
  19 killer bees
  5 wights
  An electric eel (Lair:2)
  A howler monkey (D:9)
  9 crimson imps
  A bullfrog zombie (D:12)
  2 centaur skeletons
  24 orc priests
  7 hounds
  6 jellies
  4 bullfrog skeletons
  33 orc wizards
  6 iguanas
  Natasha (thrice) (D:2)
  14 worker ants
  A killer bee zombie (D:7)
  2 worker ant zombies
  11 gnolls
  A howler monkey skeleton (D:10)
  11 adders
  2 shadow imps
  An ooze (D:4)
  3 adder zombies
  An adder skeleton (D:8)
  2 worms
  6 dart slugs
  3 leopard geckos
  110 orcs
  4 giant cockroaches
  5 goblins
  5 hobgoblins
  4 jackals
  21 kobolds
  8 quokkas
  5 bats
  6 frilled lizards
  A leopard gecko skeleton (D:7)
  3 quokka skeletons
  10 rats
  8 fungi
  12 plants
760 creatures vanquished.

Vanquished Creatures (others)
  An orc (D:10)
  49 fungi
  9 plants
59 creatures vanquished.

Grand Total: 819 creatures vanquished

Notes
Turn   | Place    | Note
-------+----------+-------------------------------------------
     0 | D:1      | equalderp2856 the Minotaur Fighter began the quest for the Orb.
     0 | D:1      | Reached XP level 1. HP: 19/19 MP: 0/0
    67 | D:1      | Reached XP level 2. HP: 27/27 MP: 1/1
   299 | D:1      | Reached XP level 3. HP: 33/33 MP: 2/2
   370 | D:1      | Reached skill level 3 in Axes
   563 | D:2      | Noticed Natasha
   569 | D:2      | Killed Natasha
   569 | D:2      | Reached XP level 4. HP: 28/40 MP: 3/3
   572 | D:2      | Reached skill level 4 in Axes
   917 | D:2      | Found a stormy altar of Qazlal.
   917 | D:2      | Found an opulent altar of Gozag.
  1022 | D:2      | Found a sacrificial altar of Ru.
  1036 | D:2      | Noticed Natasha
  1039 | D:2      | Killed Natasha
  1090 | D:2      | Found a hide-covered altar of Uskayaw.
  1090 | D:2      | Found a hazy altar of Hepliaklqana.
  1096 | D:2      | Found a bloodstained altar of Trog.
  1098 | D:2      | Found a deep blue altar of Sif Muna.
  1100 | D:2      | Found an ancient bone altar of Kikubaaqudgha.
  1167 | D:2      | Noticed Natasha
  1175 | D:2      | Killed Natasha
  1175 | D:2      | Reached XP level 5. HP: 44/47 MP: 4/4
  1503 | D:3      | Found a shimmering altar of Xom.
  1503 | D:3      | Noticed an angel
  2083 | D:3      | Found a glowing silver altar of Zin.
  2334 | D:4      | You fall through a shaft for 2 floors!
  2334 | D:6      | Found a staircase to the Ecumenical Temple.
  2344 | D:6      | Reached skill level 5 in Axes
  2348 | D:6      | Reached skill level 5 in Shields
  2348 | D:6      | Reached XP level 6. HP: 19/55 MP: 5/5
  2369 | Temple   | Entered the Ecumenical Temple
  2708 | D:6      | Reached skill level 5 in Fighting
  2708 | D:6      | Reached skill level 6 in Axes
  2708 | D:6      | Reached skill level 1 in Dodging
  2721 | D:6      | Noticed an orc warrior
  3206 | Temple   | Killed an orc warrior
  3206 | Temple   | Reached XP level 7. HP: 46/61 MP: 6/6
  3301 | D:6      | Reached skill level 5 in Armour
  3498 | D:6      | Reached skill level 7 in Axes
  3582 | D:5      | Entered Level 5 of the Dungeon
  4068 | D:4      | Found a sacrificial altar of Ru.
  4085 | D:4      | Reached XP level 8. HP: 42/69 MP: 7/7
  4491 | D:5      | Reached skill level 8 in Axes
  4941 | D:6      | Noticed a four-headed hydra
  4997 | D:6      | Found a bloodstained altar of Trog.
  5151 | D:5      | Reached skill level 9 in Axes
  6228 | D:7      | Reached XP level 9. HP: 75/78 MP: 8/8
  6390 | D:8      | Noticed a two-headed ogre
  6914 | D:6      | Reached skill level 10 in Axes
  6993 | D:6      | Killed a four-headed hydra
  7300 | D:6      | Found Dipsulitee's Magic Scroll Shop.
  7307 | D:6      | Bought a scroll of teleportation for 39 gold pieces
  7307 | D:6      | Bought a scroll of identify for 26 gold pieces
  7821 | D:9      | Noticed a queen bee
  7846 | D:9      | Killed a queen bee
  7847 | D:9      | Reached XP level 10. HP: 22/86 MP: 9/9
  8289 | D:9      | Noticed a two-headed ogre
  8300 | D:9      | Killed a two-headed ogre
  8300 | D:9      | Reached skill level 11 in Axes
  8300 | D:9      | Reached skill level 1 in Stealth
  8508 | D:9      | Found a radiant altar of Vehumet.
  8510 | D:9      | Found a burning altar of Makhleb.
  9027 | D:9      | Reached skill level 10 in Shields
  9717 | D:9      | Killed a two-headed ogre
  9717 | D:9      | Reached skill level 12 in Axes
 10152 | D:8      | Reached XP level 11. HP: 90/95 MP: 10/10
 10249 | D:8      | Noticed Gastronok
 10414 | D:8      | Killed Gastronok
 10807 | D:8      | You fall through a shaft!
 11017 | D:10     | Entered Level 10 of the Dungeon
 11094 | D:10     | Found a staircase to the Orcish Mines.
 11580 | D:10     | Noticed Sonja
 11589 | D:10     | Killed Sonja
 11589 | D:10     | Reached skill level 13 in Axes
 11589 | D:10     | Reached skill level 10 in Armour
 11742 | D:10     | Noticed a two-headed ogre
 11759 | D:10     | Killed a two-headed ogre
 12396 | D:11     | Noticed ThereIsNoGod's ghost (journeyman TrFi)
 12909 | D:11     | Noticed a seven-headed hydra
 12915 | D:11     | Found a staircase to the Lair.
 12946 | D:11     | Noticed a two-headed ogre
 13196 | D:10     | Killed an eight-headed hydra
 13663 | D:11     | Killed a two-headed ogre
 13675 | D:11     | Reached XP level 12. HP: 64/106 MP: 11/11
 14470 | D:11     | Reached skill level 10 in Fighting
 14625 | D:10     | Reached skill level 1 in Evocations
 14775 | D:11     | Noticed a two-headed ogre
 15019 | D:11     | Killed a two-headed ogre
 15207 | D:11     | Noticed a two-headed ogre
 15226 | D:11     | Killed a two-headed ogre
 15226 | D:11     | Reached skill level 14 in Axes
 15357 | D:11     | Found Astaddinie's Weapon Shoppe.
 15622 | Lair:1   | Entered Level 1 of the Lair of Beasts
 17999 | Lair:3   | Found a hole to the Spider Nest.
 18063 | Lair:3   | Noticed a seven-headed hydra
 18141 | Lair:3   | Reached skill level 15 in Axes
 18148 | Lair:3   | Found a frozen archway.
 18207 | IceCv    | Entered an ice cave
 18217 | IceCv    | Reached XP level 13. HP: 64/116 MP: 12/12
 19972 | Lair:3   | Found a staircase to the Shoals.
 20471 | Lair:4   | Reached skill level 16 in Axes
 20676 | Lair:4   | Reached skill level 5 in Dodging
 22258 | Lair:6   | Entered Level 6 of the Lair of Beasts
 22426 | Lair:6   | Reached XP level 14. HP: 112/126 MP: 13/13
 23202 | Lair:6   | Noticed Nessos
 23872 | Lair:6   | Killed Nessos
 24029 | Lair:6   | Found a runed door.
 24030 | Lair:6   | Found a viscous altar of Jiyva.
 24032 | Lair:6   | Found a staircase to the Slime Pits.
 25742 | Lair:6   | Reached skill level 17 in Axes
 26244 | Lair:6   | Reached skill level 5 in Polearms
 26876 | Lair:6   | Identified Dilosicw's Guide on Displacement and Flight
 27266 | D:11     | Killed ThereIsNoGod's ghost
 27803 | Lair:2   | You fall through a shaft!
 28835 | Lair:6   | Learned a level 2 spell: Swiftness
 29841 | D:12     | Found Dustuc's General Store.
 30446 | D:12     | Reached skill level 15 in Shields
 30446 | D:12     | Reached skill level 1 in Charms
 30594 | D:10     | Reached skill level 1 in Spellcasting
 30650 | Orc:1    | Entered Level 1 of the Orcish Mines
 30650 | Orc:1    | Noticed an orc warlord
 30656 | Orc:1    | Reached XP level 15. HP: 124/136 MP: 15/15
 30677 | Orc:1    | Killed an orc warlord
 31033 | Orc:1    | Found Lusyditsi's Book Shoppe.
 31112 | Orc:1    | Noticed Nergalle
 31138 | Orc:1    | Killed Nergalle
 31900 | Orc:2    | Entered Level 2 of the Orcish Mines
 31940 | Orc:2    | Found Xionykk's Weapon Boutique.
 32022 | Orc:2    | Noticed Rupert
 32045 | Orc:2    | Killed Rupert
 32086 | Orc:2    | Found a labyrinth entrance.
 32088 | Orc:2    | Found a staircase to the Elven Halls.
 32103 | Lab      | Entered a labyrinth
 33544 | Lab      | Got a dazzling ring mail
 33556 | Lab      | Identified the cursed +0 ring mail of the Game of Kings {*Contam +Fly Regen+ Stlth+} (You found it in a labyrinth)
 33831 | Lab      | Got a pitted war axe
 33835 | Lab      | Identified the +1 war axe of Generosity {flame, Stlth+} (You found it in a labyrinth)
 33995 | Orc:2    | Found a roughly hewn altar of Beogh.
 34408 | Orc:2    | Noticed Josephine
 34422 | Orc:2    | Killed Josephine
 34885 | Orc:2    | Found Equ Wupn's Distillery.
 34886 | Orc:2    | Found Tak Zuu's Magic Scroll Shoppe.
 34916 | Orc:2    | HP: 5/137 [sun demon (12)]
 34916 | Orc:2    | Mangled by a sun demon

Skill      XL: |  1  2  3  4  5  6  7  8  9 10 11 12 13 14 15 |
---------------+----------------------------------------------+-----
Fighting       | 4 5 6 7 8 9 11 12 13 | 13.7
Shields        | 4 5 6 7 9 10 11 12 13 15 | 15.2
Axes           | 3 4 5 6 7 9 10 12 13 15 16 17 | 17.9
Armour         | 4 5 6 7 9 10 12 13 14 | 14.0
Dodging        | 1 2 3 4 5 |  5.7
Polearms       | 3 4 5 |  5.2
Stealth        | 2 3 |  3.5
Evocations     | 1 |  1.8
Charms         | 1 2 |  2.1
Spellcasting   | 1 2 |  2.1

Action                   |  1- 3 |  4- 6 |  7- 9 | 10-12 | 13-15 || total
-------------------------+-------+-------+-------+-------+-------++-------
Melee: War axe           |    67 |   126 |   339 |   937 |   602 ||  2071
       Headbutt          |     7 |    20 |    75 |   221 |   321 ||   644
       Trident           |       |       |    17 |    14 |    76 ||   107
       Broad axe         |       |       |       |       |   447 ||   447
Evoke: Wand              |       |       |     1 |    25 |     7 ||    33
  Use: Potion            |       |     1 |     1 |     2 |     5 ||     9
       Scroll            |       |       |     3 |    18 |    17 ||    38
 Stab: Confused          |       |       |       |     6 |       ||     6
       Paralysed         |       |       |       |     4 |       ||     4
       Held in net/web   |       |       |       |       |     2 ||     2
  Eat: Chunk             |       |     7 |    14 |    33 |    26 ||    80
       Royal jelly       |       |       |       |     3 |    11 ||    14
       Fruit             |       |       |       |       |     6 ||     6
Armor: Scale mail        |    39 |    73 |       |       |       ||   112
       Chain mail        |       |       |   177 |   356 |   299 ||   832
       Plate armour      |       |       |       |       |    80 ||    80
Dodge: Dodged            |    21 |    40 |    75 |   236 |   290 ||   662
Block: Shield            |    33 |    77 |   210 |   471 |   695 ||  1486
